 Dungeon Crawl Stone Soup version 0.15-a0-1646-g393eda0 (console) character file.

1698 Mac the Cleaver (level 8, -7/64 HPs)
             Began as a Minotaur Fighter on June 22, 2014.
             Mangled by an orc warrior
             ... wielding a +0 broad axe
              (19 damage)
             ... on Level 7 of the Dungeon.
             The game lasted 00:10:18 (2059 turns).

Mac the Cleaver (Minotaur Fighter)                  Turns: 2059, Time: 00:10:18

HP  -7/64        AC  9     Str 23      XL: 8   Next: 72%
MP   3/3         EV  8     Int  5      God:
Gold 125         SH  9     Dex 10      Spells:  0 memorised,  7 levels left

rFire  + . .     SeeInvis .     b - +0 war axe
rCold  + + .     Clarity  .     A - +1 ring mail {rC+}
rNeg   . . .     rCorr    .     r - +0 shield of the Harvest {rF+ rC+}
rPois  .         rRot     .     (helmet restricted)
rElec  .         Spirit   .     m - +0 cloak
SustAb .         Warding  .     (no gloves)
rMut   .         Stasis   .     n - +0 pair of boots
Gourm  .                        (no amulet)
MR     .....                    (no ring)
                                (no ring)

@: not resistant to hostile enchantments, extremely unstealthy
A: retaliatory headbutt, horns 2
a: no special abilities


You were on level 7 of the Dungeon.
You were hungry.

You visited 1 branch of the dungeon, and saw 8 of its levels.

You collected 125 gold pieces.

Inventory:

Hand weapons
 b - a +0 war axe (weapon)
 t - a +0 scythe
Missiles
 w - 6 steel javelins (quivered)
Armour
 a - a +0 plate armour
 m - a +0 cloak (worn)
 n - a +0 pair of boots (worn)
 q - a +1 chain mail
 r - the +0 shield of the Harvest (worn) {rF+ rC+}
   (You found it on level 5 of the Dungeon)

   It protects you from fire.
   It protects you from cold.
 A - a +1 ring mail of cold resistance (worn)
Comestibles
 c - 4 fruits
 d - 5 bread rations
 f - 2 meat rations
 p - 2 slices of pizza
 s - a beef jerky
 u - a rotting chunk of orc flesh
Scrolls
 g - 2 scrolls of remove curse
 i - 3 scrolls of fog
 j - a scroll of amnesia {unknown}
 k - 3 scrolls of noise {unknown}
 l - a scroll of magic mapping
 y - a scroll of teleportation
Potions
 e - a potion of cure mutation {unknown}


   Skills:
 - Level 3.6 Fighting
 + Level 13.0 Axes
 - Level 3.6 Armour
 - Level 3.6 Shields


You had 7 spell levels left.
You didn't know any spells.

Dungeon Overview and Level Annotations

Branches:
Dungeon (8/15)
 Temple: D:4-7         Lair: D:8-11

Altars:
Ashenzari
Makhleb
Trog


Innate Abilities, Weirdness & Mutations

You reflexively headbutt those who attack you in melee.
You have a pair of horns on your head.


Message History

You hit the orc warrior. You headbutt the orc warrior.
The orc warrior is heavily wounded.
You block the orc warrior's attack.
You hit the orc warrior. You headbutt the orc warrior.
The orc warrior is severely wounded.
You hit the orc warrior but do no damage.
The orc warrior is severely wounded.
The orc warrior hits you with a broad axe!
You hit the orc warrior but do no damage.
You headbutt the orc warrior!
The orc warrior is almost dead.
You hit the orc warrior but do no damage.
The orc warrior is almost dead.
The orc warrior hits you with a broad axe!!
* * * LOW HITPOINT WARNING * * *
You hit the orc warrior but do no damage.
Your headbutt misses the orc warrior.
The orc warrior is almost dead.
The orc warrior hits you with a broad axe!!
You die...

##.........
..#####...##.....
.#...........#.....
....
.........##....>......
.............
#...........
............#
##..........
............#
#....##.....
............###...##
#....
.............##)@##
... ..............#o##
. .......gg.....gg#
................#
.g..............#
................#
...........[.##...+
.............###..#
.............# #...


You could see an orc warrior and 2 gnolls.

Vanquished Creatures
  Pikel (D:6)
  2 orc warriors (D:6)
  The ghost of cocytus the Chopper, an average HOGl (D:4)
  An ice beast (D:5)
  Sigmund (D:5)
  A big kobold (D:6)
  2 giant frogs (D:6)
  Blork the orc (D:6)
  3 scorpions
  2 crimson imps
  An orc priest (D:6)
  2 orc wizards (D:6)
  3 worker ants
  Ijyb (D:5)
  An ogre skeleton (D:4)
  4 gnolls
  3 adders
  A shadow imp (D:5)
  A giant mite (D:1)
  18 orcs
  A ball python (D:4)
  4 bats
  3 giant cockroaches
  A hobgoblin (D:2)
  4 jackals (D:4)
  A quokka (D:3)
  A giant spore (D:6)
  2 goblins
  A hobgoblin skeleton (D:6)
  6 kobolds
  An orc zombie (D:5)
  4 rats
  A ballistomycete (D:6)
80 creatures vanquished.

Vanquished Creatures (others)
  A slave (D:6)
  A centaur (D:6)
  A hound (D:6)
  2 orcs (D:6)
  A bat (D:6)
  2 kobolds (D:6)
8 creatures vanquished.

Grand Total: 88 creatures vanquished

Notes
Turn   | Place    | Note
--------------------------------------------------------------
     0 | D:1      | Mac, the Minotaur Fighter, began the quest for the Orb.
     0 | D:1      | Reached XP level 1. HP: 19/19 MP: 1/1
    89 | D:1      | Reached XP level 2. HP: 21/26 MP: 1/1
   252 | D:4      | Reached skill level 4 in Axes
   270 | D:4      | Found a burning altar of Makhleb.
   380 | D:4      | Reached XP level 3. HP: 31/31 MP: 2/2
   452 | D:4      | Reached skill level 5 in Axes
   460 | D:4      | Noticed a scorpion
   471 | D:4      | Killed a scorpion
   471 | D:4      | Reached skill level 6 in Axes
   471 | D:4      | Reached XP level 4. HP: 15/39 MP: 2/2
   516 | D:4      | Noticed cocytus' ghost (average HOGl)
   533 | D:4      | Killed cocytus' ghost
   533 | D:4      | Reached skill level 7 in Axes
   533 | D:4      | Reached XP level 5. HP: 18/45 MP: 2/2
   701 | D:4      | Found a bloodstained altar of Trog.
   702 | D:4      | Found a shattered altar of Ashenzari.
   763 | D:5      | Entered Level 5 of the Dungeon
   777 | D:5      | Noticed Ijyb
   783 | D:5      | Killed Ijyb
   784 | D:5      | Noticed an ice beast
   794 | D:5      | Killed an ice beast
   794 | D:5      | Reached skill level 8 in Axes
   794 | D:5      | Reached XP level 6. HP: 48/51 MP: 3/3
   896 | D:5      | Got a steaming shield
   908 | D:5      | Identified the +0 shield of the Harvest {rF+ rC+} (You found it on level 5 of the Dungeon)
   976 | D:5      | Noticed Sigmund
   985 | D:5      | Killed Sigmund
   985 | D:5      | Reached skill level 9 in Axes
   985 | D:5      | Reached XP level 7. HP: 55/57 MP: 3/3
  1242 | D:6      | Noticed Pikel
  1287 | D:6      | Killed Pikel
  1287 | D:6      | Reached skill level 11 in Axes
  1287 | D:6      | Reached XP level 8. HP: 33/64 MP: 3/3
  1384 | D:6      | Reached skill level 12 in Axes
  1521 | D:6      | Noticed Blork the orc
  1537 | D:6      | Killed Blork the orc
  1754 | D:6      | Reached skill level 13 in Axes
  2059 | D:7      | Mangled by an orc warrior

Action                   |  1- 3 |  4- 6 |  7- 9 || total
-------------------------+-------+-------+-------++-------
Melee: War axe           |    56 |    69 |   162 ||   287
Throw: Throwing net      |       |     1 |     1 ||     2
  Use: Potion            |       |     2 |     3 ||     5
       Scroll            |       |       |     4 ||     4
